 Dungeon Crawl Stone Soup version 0.22-a0-580-gd5db89c (webtiles) character file.

11 Lianjan the Digger (level 2, 0/19 HPs)
             Began as a Demonspawn Earth Elementalist on July 3, 2018.
             Slain by a bat (1 damage)
             ... on level 1 of the Dungeon.
             The game lasted 00:02:37 (867 turns).

Lianjan the Digger (Demonspawn Earth Elementalist)   Turns: 867, Time: 00:02:38

Health: 0/19       AC:  3    Str:  8    XL:     2   Next: 13%
Magic:  5/5        EV: 12    Int: 16    God:
Gold:   18         SH:  0    Dex: 13    Spells: 4/5 levels left

rFire    . . .     SeeInvis .   e - +0 whip
rCold    . . .     Gourm    .   (no shield)
rNeg     . . .     Faith    .   c - +0 robe
rPois    .         Spirit   .   g - +0 helmet
rElec    .         Reflect  .   (no cloak)
rCorr    .         Harm     .   (no gloves)
MR       .....                  (no boots)
Stlth    ++........             (no amulet)
HPRegen  0.06/turn              (no ring)
MPRegen  0.09/turn              (no ring)

@: no status effects
A: demonic guardian 1
a: no special abilities


You were on level 1 of the Dungeon.
You were not hungry.

You visited 1 branch of the dungeon, and saw 1 of its levels.

You collected 18 gold pieces.

Inventory:

Hand Weapons
 e - a +0 whip (weapon)
Missiles
 b - 38 stones (quivered)
Armour
 c - a +0 robe (worn)
 g - a +0 helmet (worn)
Potions
 a - a potion of brilliance {unknown}
 f - a potion of heal wounds {unknown}
Comestibles
 d - a ration


   Skills:
 - Level 1.7 Dodging
 - Level 1.7 Stealth
 - Level 2.0 Spellcasting
   Level 0.8 Transmutations
 + Level 3.3 Earth Magic


You had 4 spell levels left.
You knew the following spells:

 Your Spells              Type           Power        Failure   Level  Hunger
a - Sandblast             Erth           ##....       5%          1    #......

Your spell library contained the following spells:

 Spells                   Type           Power        Failure   Level  Hunger
 Stone Arrow              Conj/Erth      #.....       30%         3    ###....
 Passwall                 Tmut/Erth      #.......     13%         2    ###....
 Lee's Rapid Deconstruct  Erth           ##........   82%         5    ######.
 Petrify                  Tmut/Erth      #.......     65%         4    #####..


Dungeon Overview and Level Annotations

Branches:
Dungeon (1/15)

Altars:


Innate Abilities, Weirdness & Mutations

A weak demonic guardian rushes to your aid.


Message History

The hobgoblin hits you with a club.
You are too injured to fight recklessly!
You are too injured to fight recklessly!
You are too injured to fight recklessly!
You are too injured to fight recklessly!
You are too injured to fight recklessly!
You are too injured to fight recklessly!
You are too injured to fight recklessly!
You are too injured to fight recklessly!
You hit the hobgoblin.
The hobgoblin is severely wounded.
The bat hits you but does no damage. The bat completely misses you.
The hobgoblin hits you with a club.
* * * LOW HITPOINT WARNING * * *
The bat hits you but does no damage.
You are too injured to fight recklessly!
The bat hits you.
* * * LOW HITPOINT WARNING * * *
The bat hits you.
You die...

#.
.#...#........r...
#..#..#.##.#...#
.#..#..##.#...#
...#........###
#..#.##.#.#
#..#..†..#.#
......#g###.#
.......##b# #.#
#...### #@# ...
.... #.# ... ##.
#.# .. #.# #.#
#####.# # #.....#
## #.##### .# #.#


You could see a hobgoblin and a bat.

Vanquished Creatures
  A bat (D:1)
  A goblin (D:1)
  2 hobgoblins (D:1)
  3 kobolds (D:1)
  2 frilled lizards (D:1)
  A rat (D:1)
10 creatures vanquished.

Notes
Turn   | Place    | Note
-------+----------+-------------------------------------------
     0 | D:1      | Lianjan the Demonspawn Earth Elementalist began the quest for the Orb.
     0 | D:1      | Reached XP level 1. HP: 13/13 MP: 3/3
    47 | D:1      | Reached skill level 3 in Earth Magic
   309 | D:1      | Gained mutation: A weak demonic guardian rushes to your aid. [demonic ancestry]
   309 | D:1      | Reached XP level 2. HP: 10/19 MP: 3/5
   867 | D:1      | Slain by a bat

Vault maps used:
D:1:      dpeg_arrival_pond, minmay_misc_feat_diagonals, minmay_small_reverse_x

Skill      XL: |  1 |
---------------+----+-----
Earth Magic    | 3 |  3.3
Dodging        | |  1.7
Stealth        | |  1.7
Spellcasting   | |  2.0
Transmutations | |  0.8

Action                   || total
-------------------------++-------
Melee: Whip              ||    50
       Dagger            ||     6
 Cast: Sandblast         ||    21
Armor: Robe              ||    27
Dodge: Dodged            ||    69

Table legend:
 A = Spawn XP
 B = Non-spawn XP
 C = Spawn XP percentage of total XP
 D = Spawn monster count
 E = Non-spawn monster count
 F = Spawn count percentage of total count
 G = Total turns spent on level
                    A         B        C        D         E        F      G
               +---------+---------+-------+---------+---------+-------+---------
         Total |       0 |      16 |   0.0 |       0 |      10 |   0.0 |   867
               +---------+---------+-------+---------+---------+-------+---------
           D:1 |       0 |      16 |   0.0 |       0 |      10 |   0.0 |   867
               +---------+---------+-------+---------+---------+-------+---------
